Dallas Stars vs Florida Panthers

Created - mardi 12 février 2019 at 19:00

Goals
1 2 3 T
Dallas Stars 1 0 2 3
Florida Panthers 0 0 4 4
Shots
1 2 3 T
Dallas Stars 8 2 20 30
Florida Panthers 7 5 13 25

1st period

1. Dallas Stars , Kyle Connor 14 (Riley Sheahan 14, Ryan Ellis 17) at 16:03

Penalties :
No Penalty

2nd period

No Goal

Penalties :
Nino Niederreiter (DAL) for Cross-checking (Minor) at 16:06

3rd period

2. Florida Panthers , Jimmy Vesey 10 (Vincent Trocheck 30, Jay Bouwmeester 12) at 6:09
3. Florida Panthers , Jonathan Huberdeau 21 (Aleksander Barkov 28, Roberto Luongo) at 7:55 (PP)
4. Florida Panthers , Aleksander Barkov 22 (Jonathan Huberdeau 25, Mark Jankowski 9) at 8:03 (PP)
5. Florida Panthers , Vincent Trocheck 13 (Andrew Cogliano 14) at 10:30 (PP)
6. Dallas Stars , Mark Scheifele 21 (John Klingberg 18) at 10:44
7. Dallas Stars , Loui Eriksson 13 (Riley Sheahan 15, Kyle Connor 15) at 11:37

Penalties :
Viktor Arvidsson (DAL) for Slashing (Double Minor) at 7:24, Riley Sheahan (DAL) for High sticking (Minor) at 8:37, Stephen Johns (DAL) for Hooking (Minor) at 16:29

Goalie Stats

Jake Allen (DAL), 21 saves from 25 shots - (0.840), L, 23-17-7, 59:13 minutes
Roberto Luongo (FLO), 27 saves from 30 shots - (0.900), W, 22-15-11, 60:00 minutes

Players Stats for Dallas Stars

Player Name              G  A  P  +/- PIM S  H  SB GA TA FO     MP     PP MP  PK MP  
------------------------------------------------------------------------------------
Carl Soderberg           0  0  0  -1  0   0  1  1  0  0  5/12   14:01   0:00   1:15 
Colton Parayko           0  0  0   0  0   1  0  1  0  0  0/0    19:47   0:00   3:51 
Devin Shore              0  0  0   0  0   2  0  0  0  0  0/0    10:01   0:00   0:44 
James Neal               0  0  0   1  0   4  3  0  1  0  0/0    18:16   0:00   0:00 
John Klingberg           0  1  1   2  0   3  2  0  1  1  0/0    21:41   0:00   0:00 
Kyle Connor              1  1  2   2  0   4  2  0  1  0  0/0    13:55   0:00   0:00 
Loui Eriksson            1  0  1   2  0   3  3  0  0  0  1/2    16:32   0:00   2:50 
Mark Scheifele           1  0  1   1  0   2  1  0  0  0  9/19   18:34   0:00   0:00 
Matthew Tkachuk          0  0  0  -1  0   1  2  0  0  0  0/0    12:32   0:00   0:00 
Nino Niederreiter        0  0  0  -1  2   0  3  0  1  0  0/0    12:24   0:00   0:00 
Oscar Klefbom            0  0  0   0  0   0  0  0  1  0  0/0    22:15   0:00   2:39 
Pierre-Edouard Bellemare 0  0  0   0  0   1  0  1  0  0  5/9    12:28   0:00   3:17 
Riley Sheahan            0  2  2   2  2   1  1  0  0  0  5/10   15:35   0:00   1:48 
Ryan Ellis               0  1  1   2  0   3  3  3  1  2  0/0    21:38   0:00   3:51 
Stephen Johns            0  0  0   0  2   0  2  2  0  0  0/0    15:40   0:00   0:00 
Tom Wilson               0  0  0   0  0   1  1  0  1  0  0/0    12:13   0:00   3:06 
Trevor Daley             0  0  0   0  0   1  1  0  0  0  0/0    17:37   0:00   2:39 
Viktor Arvidsson         0  0  0   1  4   3  4  0  0  1  0/0    18:17   0:00   0:00 

Players Stats for Florida Panthers

Player Name              G  A  P  +/- PIM S  H  SB GA TA FO     MP     PP MP  PK MP  
------------------------------------------------------------------------------------
Aleksander Barkov        1  1  2   0  0   6  1  0  1  0  10/15  20:56   3:16   0:00 
Andrew Cogliano          0  1  1   0  0   2  1  0  0  0  0/0     9:00   0:31   0:00 
Brett Ritchie            0  0  0   0  0   0  5  0  0  0  1/1     8:54   0:17   0:00 
Brock Boeser             0  0  0   0  0   2  1  0  0  2  0/2    15:09   0:00   0:00 
Brooks Orpik             0  0  0  -1  0   0  2  2  0  0  0/0    19:08   2:51   0:00 
Darnell Nurse            0  0  0   0  0   0  1  3  0  0  0/0    26:51   3:39   0:00 
Jared McCann             0  0  0  -2  0   2  3  0  0  1  2/6    15:34   2:48   0:00 
Jay Bouwmeester          0  1  1  -1  0   0  1  2  0  1  0/0    18:56   2:51   0:00 
Jimmy Vesey              1  0  1   0  0   3  3  1  0  0  0/1    17:44   2:57   0:00 
Jonathan Huberdeau       1  1  2   0  0   2  0  0  2  0  0/2    20:36   3:11   0:00 
Keith Yandle             0  0  0   0  0   1  0  1  0  0  0/0    27:11   3:39   0:00 
Mark Jankowski           0  1  1   0  0   1  1  0  0  0  4/9    11:34   3:08   0:00 
Mark Pysyk               0  0  0  -1  0   0  0  0  0  0  0/0    13:37   0:00   0:00 
Melker Karlsson          0  0  0  -2  0   1  0  1  0  0  1/2    13:02   0:08   0:00 
Mike Matheson            0  0  0  -1  0   0  4  0  0  2  0/0    13:37   0:00   0:00 
Nick Bjugstad            0  0  0   0  0   0  0  0  1  1  1/1    17:04   0:00   0:00 
Radim Vrbata             0  0  0  -2  0   0  2  0  0  0  0/1    12:43   0:00   0:00 
Vincent Trocheck         1  1  2   0  0   5  2  0  0  0  8/12   18:24   3:14   0:00 

3 Stars

1 - Kyle Connor (DAL)
2 - Vincent Trocheck (FLO)
3 - Loui Eriksson (DAL)

Power Play

Dallas Stars - 0 on 0 Attempt(s) - 0.00%
Florida Panthers - 3 on 5 Attempt(s) - 60.00%

Penalty Kill

Dallas Stars - 2 on 5 Attempt(s) - 40.00% - Score 0 goal in Penalty Kill
Florida Panthers - 0 on 0 Attempt(s) - 0.00% - Score 0 goal in Penalty Kill

Team Stat

Dallas Stars - Hits : 29 - Faceoff Wins : 25 - Blocked Shots : 8 - Penalty Minutes : 10
Florida Panthers - Hits : 27 - Faceoff Wins : 27 - Blocked Shots : 10 - Penalty Minutes : 0

Official

Referees : Wes McCauley and TJ Luxmore
Linesman : Ryan Daisy and Tony Sericolo

Game Notes

No Game Note

Finance

Level 1 -- Attendance: 8708 (87.08%) -- Ticket Income fr. 696'640
Level 2 -- Attendance: 1546 (77.30%) -- Ticket Income fr. 100'490
Level 3 -- Attendance: 2843 (81.23%) -- Ticket Income fr. 99'505
Level 4 -- Attendance: 1256 (86.62%) -- Ticket Income fr. 25'120
Luxury Box -- Attendance: 48 (96.00%) -- Ticket Income fr. 9'600
Game was played at the BBT Center.
Total Attendance: 14401 (84.71%)
Total Ticket Income: fr. 931'355
Total Income: fr. 931'355

Dallas Stars

5 vs 5 Forward 
   Center                   Left Wing                Right Wing               Time % Phy DF OF 
 1 Mark Scheifele           Viktor Arvidsson         James Neal               32     1   1  3  
 2 Riley Sheahan            Kyle Connor              Loui Eriksson            27     1   2  2  
 3 Carl Soderberg           Matthew Tkachuk          Nino Niederreiter        25     1   3  1  
 4 Pierre-Edouard Bellemare Devin Shore              Tom Wilson               16     2   3  0  

5 vs 5 Defense 
   Defense                  Defense                                           Time % Phy DF OF 
 1 John Klingberg           Ryan Ellis                                        32     1   2  2  
 2 Colton Parayko           Oscar Klefbom                                     30     1   2  2  
 3 Stephen Johns            Trevor Daley                                      28     2   3  0  
 4 John Klingberg           Oscar Klefbom                                     10     1   4  0  

PowerPlay Forward 
   Center                   Left Wing                Right Wing               Time % Phy DF OF 
 1 Mark Scheifele           Kyle Connor              Viktor Arvidsson         52     0   0  5  
 2 Carl Soderberg           Matthew Tkachuk          James Neal               48     0   0  5  

PowerPlay Defense
   Defense                  Defense                                           Time % Phy DF OF 
 1 John Klingberg           Ryan Ellis                                        50     0   0  5  
 2 Stephen Johns            Trevor Daley                                      50     0   0  5  

Penalty Kill 4 Players Forward 
   Center                   Wing                     Time % Phy DF OF 
 1 Pierre-Edouard Bellemare Tom Wilson               52     0   5  0  
 2 Riley Sheahan            Loui Eriksson            48     0   5  0  

Penalty Kill 4 Players Defense
   Defense                  Defense                  Time % Phy DF OF 
 1 Colton Parayko           Ryan Ellis               52     0   5  0  
 2 Trevor Daley             Oscar Klefbom            48     0   5  0  

Penalty Kill - 3 Players Forward 
   Forward                                           Time % Phy DF OF 
 1 Pierre-Edouard Bellemare                          52     0   5  0  
 2 Riley Sheahan                                     48     0   5  0  

Penalty Kill - 3 Players Defense
   Defense                  Defense                  Time % Phy DF OF 
 1 Colton Parayko           Ryan Ellis               52     0   5  0  
 2 Trevor Daley             Oscar Klefbom            48     0   5  0  

4 vs 4 Forward 
   Center                   Wing                     Time % Phy DF OF 
 1 Mark Scheifele           Loui Eriksson            52     0   2  3  
 2 Carl Soderberg           Nino Niederreiter        48     0   2  3  

4 vs 4 Defense
   Defense                  Defense                  Time % Phy DF OF 
 1 Colton Parayko           Oscar Klefbom            65     0   2  3  
 2 John Klingberg           Trevor Daley             35     0   2  3  

Last Minutes Offensive
   Center                   Left Wing                Right Wing               Defense                  Defense                  
   Mark Scheifele           Viktor Arvidsson         James Neal               John Klingberg           Ryan Ellis               

Last Minutes Defensive
   Center                   Left Wing                Right Wing               Defense                  Defense                  
   Pierre-Edouard Bellemare Riley Sheahan            Tom Wilson               Trevor Daley             Colton Parayko           

Goaltenders
Starting : Jake Allen               
Backup : Carter Hutton            

Extra Forwards
Normal : James Neal, Mark Scheifele, Viktor Arvidsson - PP : James Neal, Mark Scheifele - PK : Pierre-Edouard Bellemare
Extra Defensemen
Normal : Ryan Ellis, John Klingberg, Colton Parayko - PP : John Klingberg - PK : Ryan Ellis, Oscar Klefbom
Penalty Shots
Mark Scheifele, Matthew Tkachuk, Nino Niederreiter, Viktor Arvidsson, James Neal
Custom OT Lines Forwards
Viktor Arvidsson, Mark Scheifele, James Neal, Carl Soderberg, Kyle Connor, Matthew Tkachuk, Loui Eriksson, Tom Wilson, Riley Sheahan, Nino Niederreiter
Custom OT Lines Defensemen
Ryan Ellis, John Klingberg, Colton Parayko, Trevor Daley, Oscar Klefbom

Scratches
Derek Grant (Healthy), Joe Morrow (Healthy), Jack Campbell (Healthy)

Florida Panthers

5 vs 5 Forward 
   Center                   Left Wing                Right Wing               Time % Phy DF OF 
 1 Aleksander Barkov        Jonathan Huberdeau       Nick Bjugstad            30     0   1  4  
 2 Vincent Trocheck         Brock Boeser             Jimmy Vesey              30     0   1  4  
 3 Jared McCann             Melker Karlsson          Radim Vrbata             25     1   2  2  
 4 Mark Jankowski           Andrew Cogliano          Brett Ritchie            15     1   2  2  

5 vs 5 Defense 
   Defense                  Defense                                           Time % Phy DF OF 
 1 Keith Yandle             Darnell Nurse                                     30     1   2  2  
 2 Brooks Orpik             Jay Bouwmeester                                   30     1   2  2  
 3 Mike Matheson            Mark Pysyk                                        25     1   2  2  
 4 Keith Yandle             Darnell Nurse                                     15     1   2  2  

PowerPlay Forward 
   Center                   Left Wing                Right Wing               Time % Phy DF OF 
 1 Mark Jankowski           Jonathan Huberdeau       Aleksander Barkov        50     0   0  5  
 2 Vincent Trocheck         Jared McCann             Jimmy Vesey              50     0   1  4  

PowerPlay Defense
   Defense                  Defense                                           Time % Phy DF OF 
 1 Keith Yandle             Darnell Nurse                                     50     1   2  2  
 2 Brooks Orpik             Jay Bouwmeester                                   50     1   2  2  

Penalty Kill 4 Players Forward 
   Center                   Wing                     Time % Phy DF OF 
 1 Jared McCann             Vincent Trocheck         50     1   2  2  
 2 Jonathan Huberdeau       Mark Jankowski           50     1   2  2  

Penalty Kill 4 Players Defense
   Defense                  Defense                  Time % Phy DF OF 
 1 Keith Yandle             Darnell Nurse            50     1   2  2  
 2 Brooks Orpik             Jay Bouwmeester          50     1   2  2  

Penalty Kill - 3 Players Forward 
   Forward                                           Time % Phy DF OF 
 1 Jonathan Huberdeau                                50     1   2  2  
 2 Vincent Trocheck                                  50     1   2  2  

Penalty Kill - 3 Players Defense
   Defense                  Defense                  Time % Phy DF OF 
 1 Keith Yandle             Darnell Nurse            50     1   2  2  
 2 Brooks Orpik             Jay Bouwmeester          50     1   2  2  

4 vs 4 Forward 
   Center                   Wing                     Time % Phy DF OF 
 1 Nick Bjugstad            Vincent Trocheck         50     1   2  2  
 2 Jonathan Huberdeau       Jared McCann             50     1   2  2  

4 vs 4 Defense
   Defense                  Defense                  Time % Phy DF OF 
 1 Keith Yandle             Darnell Nurse            50     1   2  2  
 2 Brooks Orpik             Jay Bouwmeester          50     1   2  2  

Last Minutes Offensive
   Center                   Left Wing                Right Wing               Defense                  Defense                  
   Aleksander Barkov        Jonathan Huberdeau       Nick Bjugstad            Keith Yandle             Darnell Nurse            

Last Minutes Defensive
   Center                   Left Wing                Right Wing               Defense                  Defense                  
   Aleksander Barkov        Jonathan Huberdeau       Nick Bjugstad            Keith Yandle             Darnell Nurse            

Goaltenders
Starting : Roberto Luongo           
Backup : Scott Darling            

Extra Forwards
Normal : Vincent Trocheck, Jared McCann, Mark Jankowski - PP : Jonathan Huberdeau, Jared McCann - PK : Mark Jankowski
Extra Defensemen
Normal : Mike Matheson, Mark Pysyk, Brooks Orpik - PP : Mike Matheson - PK : Mark Pysyk, Brooks Orpik
Penalty Shots
Aleksander Barkov, Vincent Trocheck, Jonathan Huberdeau, Mark Jankowski, Nick Bjugstad
Custom OT Lines Forwards
Aleksander Barkov, Vincent Trocheck, Jonathan Huberdeau, Brock Boeser, Nick Bjugstad, Jared McCann, Mark Jankowski, Jimmy Vesey, Radim Vrbata, Melker Karlsson
Custom OT Lines Defensemen
Keith Yandle, Darnell Nurse, Brooks Orpik, Jay Bouwmeester, Mike Matheson

Scratches
Cody McLeod (Healthy), Henrik Borgstrom (Healthy), Justin Holl (Healthy)

% Time on Ice - Dallas Stars

Lines # - Real PCT - Wanted PCT - Time Play
Normal Forward
1 - 35% - 32% - 18:09
2 - 25% - 27% - 13:21
3 - 23% - 25% - 12:17
4 - 17% - 16% - 8:42
Normal Defense
1 - 34% - 32% - 17:43
2 - 31% - 30% - 16:11
3 - 28% - 28% - 14:28
4 - 8% - 10% - 4:07
PP Forward
1 - 0% - 52%
2 - 0% - 48%
PP Defense
1 - 0% - 50%
2 - 0% - 50%
PK Forward
1 - 51% - 52% - 3:19
2 - 49% - 48% - 3:11
PK Defense
1 - 59% - 52% - 3:51
2 - 41% - 48% - 2:39
PK3 Forward
1 - 0% - 52%
2 - 0% - 48%
PK3 Defense
1 - 0% - 52%
2 - 0% - 48%
44 Forward
1 - 0% - 52%
2 - 0% - 48%
44 Defense
1 - 0% - 65%
2 - 0% - 35%
Last Minute Offensive  - 1:01
Last Minute Defensive  - 0:00
Total
Forward - 60:00
Defense - 60:00

% Time on Ice - Florida Panthers

Lines # - Real PCT - Wanted PCT - Time Play
Normal Forward
1 - 31% - 30% - 16:25
2 - 29% - 30% - 15:09
3 - 24% - 25% - 12:43
4 - 16% - 15% - 8:15
Normal Defense
1 - 32% - 30% - 16:41
2 - 31% - 30% - 16:05
3 - 25% - 25% - 13:20
4 - 12% - 15% - 6:26
PP Forward
1 - 50% - 50% - 3:16
2 - 50% - 50% - 3:14
PP Defense
1 - 56% - 50% - 3:39
2 - 44% - 50% - 2:51
PK Forward
1 - 0% - 50%
2 - 0% - 50%
PK Defense
1 - 0% - 50%
2 - 0% - 50%
PK3 Forward
1 - 0% - 50%
2 - 0% - 50%
PK3 Defense
1 - 0% - 50%
2 - 0% - 50%
44 Forward
1 - 0% - 50%
2 - 0% - 50%
44 Defense
1 - 0% - 50%
2 - 0% - 50%
Last Minute Offensive  - 0:00
Last Minute Defensive  - 0:58
Total
Forward - 60:00
Defense - 60:00

Play-by-Play

1st period


0:01 of 1st period - Mark Scheifele wins face-off versus Aleksander Barkov in neutral zone.
0:04 of 1st period - Keith Yandle is hit by Ryan Ellis and loses puck.
0:09 of 1st period - Snap shot by Mark Scheifele.
0:09 of 1st period - Shot Misses the Net.
0:11 of 1st period - Snap shot by John Klingberg.
0:11 of 1st period - Shot Misses the Net.
0:13 of 1st period - Snap shot by John Klingberg.
0:13 of 1st period - Shot Misses the Net.
0:15 of 1st period - Slapshot by John Klingberg.
0:15 of 1st period - Shot Blocked by Darnell Nurse.
0:32 of 1st period - Oscar Klefbom is hit by Darnell Nurse and loses puck.
1:29 of 1st period - Wrist shot by Jonathan Huberdeau.
1:29 of 1st period - Shot Misses the Net.
1:31 of 1st period - Slapshot by Aleksander Barkov.
1:31 of 1st period - Stopped by Jake Allen without a rebound.
1:32 of 1st period - Vincent Trocheck wins face-off versus Riley Sheahan in Dallas Stars zone.
1:50 of 1st period - Icing by Jay Bouwmeester.
1:51 of 1st period - Vincent Trocheck wins face-off versus Carl Soderberg in Florida Panthers zone.
1:58 of 1st period - Backhand shot by Vincent Trocheck.
1:58 of 1st period - Stopped by Jake Allen without a rebound.
1:59 of 1st period - Carl Soderberg wins face-off versus Radim Vrbata in Dallas Stars zone.
2:33 of 1st period - Wrist shot by Aleksander Barkov.
2:33 of 1st period - Shot Misses the Net.
4:05 of 1st period - Tom Wilson is hit by Mark Jankowski and loses puck.
4:12 of 1st period - Wrist shot by Andrew Cogliano.
4:12 of 1st period - Stopped by Jake Allen without a rebound.
4:13 of 1st period - Vincent Trocheck wins face-off versus Riley Sheahan in Dallas Stars zone.
4:38 of 1st period - Colton Parayko is hit by Jay Bouwmeester.
4:42 of 1st period - Wrist shot by James Neal.
4:42 of 1st period - Stopped by Roberto Luongo with a rebound.
4:44 of 1st period - Snap shot by Mark Scheifele.
4:44 of 1st period - Stopped by Roberto Luongo without a rebound.
4:45 of 1st period - Melker Karlsson wins face-off versus Carl Soderberg in Florida Panthers zone.
4:52 of 1st period - Ryan Ellis is hit by Radim Vrbata and loses puck.
5:13 of 1st period - Wrist shot by Jared McCann.
5:13 of 1st period - Stopped by Jake Allen with a rebound.
5:38 of 1st period - Backhand shot by Kyle Connor.
5:38 of 1st period - Stopped by Roberto Luongo with a rebound.
5:59 of 1st period - Wrist shot by Vincent Trocheck.
5:59 of 1st period - Stopped by Jake Allen without a rebound.
6:00 of 1st period - Carl Soderberg wins face-off versus Vincent Trocheck in Dallas Stars zone.
6:00 of 1st period - Carl Soderberg is hit by Jimmy Vesey.
6:24 of 1st period - Stephen Johns is hit by Brett Ritchie and loses puck.
6:47 of 1st period - Snap shot by Aleksander Barkov.
6:47 of 1st period - Shot Misses the Net.
6:49 of 1st period - Snap shot by Aleksander Barkov.
6:49 of 1st period - Shot Blocked by Stephen Johns.
7:48 of 1st period - Snap shot by James Neal.
7:48 of 1st period - Shot Misses the Net.
8:03 of 1st period - Slapshot by Kyle Connor.
8:03 of 1st period - Stopped by Roberto Luongo without a rebound.
8:04 of 1st period - Riley Sheahan wins face-off versus Aleksander Barkov in Florida Panthers zone.
8:29 of 1st period - Darnell Nurse is hit by Nino Niederreiter and loses puck.
9:06 of 1st period - Slapshot by Devin Shore.
9:06 of 1st period - Shot Blocked by Darnell Nurse.
9:23 of 1st period - Mark Pysyk is hit by James Neal and loses puck.
9:43 of 1st period - Mark Pysyk is hit by Ryan Ellis and loses puck.
9:57 of 1st period - Off-side.
9:58 of 1st period - Carl Soderberg wins face-off versus Mark Jankowski in neutral zone.
10:06 of 1st period - Brooks Orpik is hit by Matthew Tkachuk and loses puck.
10:11 of 1st period - Slapshot by Nino Niederreiter.
10:11 of 1st period - Shot Misses the Net.
11:52 of 1st period - Trevor Daley is hit by Vincent Trocheck and loses puck.
12:07 of 1st period - Radim Vrbata is hit by Trevor Daley and loses puck.
12:12 of 1st period - Wrist shot by Tom Wilson.
12:12 of 1st period - Shot Misses the Net.
12:14 of 1st period - Slapshot by Trevor Daley.
12:14 of 1st period - Deflect By Tom Wilson.
12:14 of 1st period - Shot Misses the Net.
12:14 of 1st period - Puck is out of play.
12:15 of 1st period - Aleksander Barkov wins face-off versus Mark Scheifele in Florida Panthers zone.
12:15 of 1st period - Aleksander Barkov is hit by Stephen Johns.
12:48 of 1st period - Snap shot by Kyle Connor.
12:48 of 1st period - Shot Misses the Net.
12:50 of 1st period - Snap shot by Loui Eriksson.
12:50 of 1st period - Deflect By Brock Boeser.
12:50 of 1st period - Shot Misses the Net.
12:50 of 1st period - Puck is out of play.
12:51 of 1st period - Riley Sheahan wins face-off versus Jimmy Vesey in Florida Panthers zone.
13:02 of 1st period - Snap shot by Kyle Connor.
13:02 of 1st period - Shot Misses the Net.
13:18 of 1st period - James Neal is hit by Jared McCann.
13:22 of 1st period - Wrist shot by Mark Scheifele.
13:22 of 1st period - Shot Blocked by Brooks Orpik.
13:42 of 1st period - Slapshot by Aleksander Barkov.
13:42 of 1st period - Shot Blocked by Carl Soderberg.
14:21 of 1st period - Slapshot by Ryan Ellis.
14:21 of 1st period - Stopped by Roberto Luongo with a rebound.
14:23 of 1st period - Backhand shot by John Klingberg.
14:23 of 1st period - Stopped by Roberto Luongo with a rebound.
14:25 of 1st period - Snap shot by Kyle Connor.
14:25 of 1st period - Shot Blocked by Darnell Nurse.
15:02 of 1st period - Darnell Nurse is hit by Nino Niederreiter and loses puck.
15:56 of 1st period - Ryan Ellis is hit by Mike Matheson and loses puck.
16:03 of 1st period - Snap shot by Kyle Connor.
16:03 of 1st period - Goal by Kyle Connor - Dallas Stars : 1 - Florida Panthers : 0.
16:04 of 1st period - Mark Scheifele wins face-off versus Brock Boeser in neutral zone.
16:13 of 1st period - Snap shot by Jimmy Vesey.
16:13 of 1st period - Stopped by Jake Allen with a rebound.
16:52 of 1st period - Wrist shot by Radim Vrbata.
16:52 of 1st period - Deflect By Jared McCann.
16:52 of 1st period - Shot Misses the Net.
16:52 of 1st period - Puck is out of play.
16:53 of 1st period - Mark Scheifele wins face-off versus Jared McCann in Dallas Stars zone.
16:53 of 1st period - Mark Scheifele is hit by Radim Vrbata.
17:19 of 1st period - Ryan Ellis is hit by Jimmy Vesey.
18:01 of 1st period - Colton Parayko is hit by Brett Ritchie and loses puck.
18:10 of 1st period - Colton Parayko is hit by Andrew Cogliano and loses puck.
18:25 of 1st period - Devin Shore is hit by Mike Matheson and loses puck.
18:31 of 1st period - Off-side.
18:32 of 1st period - Mark Scheifele wins face-off versus Aleksander Barkov in neutral zone.
18:37 of 1st period - Snap shot by James Neal.
18:37 of 1st period - Stopped by Roberto Luongo with a rebound.
19:02 of 1st period - Riley Sheahan is hit by Brock Boeser and loses puck.
19:39 of 1st period - Wrist shot by Andrew Cogliano.
19:39 of 1st period - Stopped by Jake Allen with a rebound.
19:41 of 1st period - Slapshot by Darnell Nurse.
19:41 of 1st period - Shot Misses the Net.
19:43 of 1st period - Slapshot by Darnell Nurse.
19:43 of 1st period - Shot Misses the Net.
19:45 of 1st period - Slapshot by Darnell Nurse.
19:45 of 1st period - Deflect By Mark Jankowski.
19:45 of 1st period - Shot Misses the Net.
19:45 of 1st period - Puck is out of play.
19:46 of 1st period - Aleksander Barkov wins face-off versus Riley Sheahan in Dallas Stars zone.
19:53 of 1st period - Wrist shot by Aleksander Barkov.
19:53 of 1st period - Deflect By Jonathan Huberdeau.
19:53 of 1st period - Shot Blocked by Stephen Johns.
19:53 of 1st period - Puck is out of play.
19:54 of 1st period - Riley Sheahan wins face-off versus Jonathan Huberdeau in Dallas Stars zone.
Goals for this period are 1 for Dallas Stars vs 0 for Florida Panthers.
Shots for this period are 8 for Dallas Stars vs 7 for Florida Panthers.

2nd period


0:01 of 2nd period - Vincent Trocheck wins face-off versus Mark Scheifele in neutral zone.
0:06 of 2nd period - Wrist shot by Brock Boeser.
0:06 of 2nd period - Shot Misses the Net.
0:14 of 2nd period - Snap shot by Vincent Trocheck.
0:14 of 2nd period - Shot Misses the Net.
0:16 of 2nd period - Snap shot by Brock Boeser.
0:16 of 2nd period - Stopped by Jake Allen with a rebound.
2:38 of 2nd period - Oscar Klefbom is hit by Brett Ritchie and loses puck.
2:53 of 2nd period - Vincent Trocheck is hit by Viktor Arvidsson and loses puck.
3:10 of 2nd period - Ryan Ellis is hit by Mike Matheson and loses puck.
3:30 of 2nd period - Jared McCann is hit by Kyle Connor.
3:40 of 2nd period - Kyle Connor is hit by Jared McCann.
3:55 of 2nd period - Tom Wilson is hit by Brett Ritchie and loses puck.
4:31 of 2nd period - Jimmy Vesey is hit by Matthew Tkachuk and loses puck.
4:50 of 2nd period - Snap shot by Vincent Trocheck.
4:50 of 2nd period - Shot Misses the Net.
4:52 of 2nd period - Snap shot by Jimmy Vesey.
4:52 of 2nd period - Deflect By Vincent Trocheck.
4:52 of 2nd period - Stopped by Jake Allen without a rebound.
4:53 of 2nd period - Aleksander Barkov wins face-off versus Mark Scheifele in Dallas Stars zone.
4:54 of 2nd period - Snap shot by Jonathan Huberdeau.
4:54 of 2nd period - Stopped by Jake Allen with a rebound.
5:00 of 2nd period - Aleksander Barkov is hit by Viktor Arvidsson.
5:23 of 2nd period - Mark Pysyk is hit by Riley Sheahan and loses puck.
6:14 of 2nd period - Brock Boeser is hit by Mark Scheifele and loses puck.
6:34 of 2nd period - Off-side.
6:35 of 2nd period - Aleksander Barkov wins face-off versus Riley Sheahan in neutral zone.
6:59 of 2nd period - Ryan Ellis is hit by Brooks Orpik.
7:15 of 2nd period - Mark Scheifele is hit by Brooks Orpik and loses puck.
7:41 of 2nd period - Darnell Nurse is hit by Stephen Johns and loses puck.
8:33 of 2nd period - Darnell Nurse is hit by James Neal and loses puck.
9:03 of 2nd period - Wrist shot by Viktor Arvidsson.
9:03 of 2nd period - Shot Misses the Net.
9:05 of 2nd period - Snap shot by James Neal.
9:05 of 2nd period - Stopped by Roberto Luongo without a rebound.
9:06 of 2nd period - Nick Bjugstad wins face-off versus Carl Soderberg in Florida Panthers zone.
9:06 of 2nd period - Nick Bjugstad is hit by John Klingberg.
9:30 of 2nd period - Vincent Trocheck is hit by Loui Eriksson and loses puck.
9:59 of 2nd period - Wrist shot by Devin Shore.
9:59 of 2nd period - Shot Blocked by Brooks Orpik.
10:01 of 2nd period - Slapshot by John Klingberg.
10:01 of 2nd period - Stopped by Roberto Luongo with a rebound.
13:50 of 2nd period - John Klingberg is hit by Brett Ritchie.
16:06 of 2nd period - Minor Penalty to Nino Niederreiter for Cross-checking.
16:07 of 2nd period - Mark Jankowski wins face-off versus Pierre-Edouard Bellemare in Dallas Stars zone.
16:18 of 2nd period - Snap shot by Jonathan Huberdeau.
16:18 of 2nd period - Shot Misses the Net.
16:28 of 2nd period - Darnell Nurse is hit by Loui Eriksson and loses puck.
16:36 of 2nd period - Slapshot by Jared McCann.
16:36 of 2nd period - Stopped by Jake Allen without a rebound.
16:37 of 2nd period - Pierre-Edouard Bellemare wins face-off versus Mark Jankowski in Dallas Stars zone.
18:05 of 2nd period - Icing by Jonathan Huberdeau.
18:06 of 2nd period - Penalty to Nino Niederreiter is over, Nino Niederreiter is back on ice.
18:06 of 2nd period - Carl Soderberg wins face-off versus Mark Jankowski in Florida Panthers zone.
18:39 of 2nd period - Brock Boeser is hit by Loui Eriksson and loses puck.
19:27 of 2nd period - Icing by Jimmy Vesey.
19:28 of 2nd period - Vincent Trocheck wins face-off versus Riley Sheahan in Florida Panthers zone.
19:33 of 2nd period - Slapshot by Darnell Nurse.
19:33 of 2nd period - Shot Misses the Net.
19:35 of 2nd period - Wrist shot by Brock Boeser.
19:35 of 2nd period - Stopped by Jake Allen with a rebound.
19:37 of 2nd period - Snap shot by Vincent Trocheck.
19:37 of 2nd period - Shot Misses the Net.
19:39 of 2nd period - Snap shot by Keith Yandle.
19:39 of 2nd period - Shot Misses the Net.
Goals for this period are 0 for Dallas Stars vs 0 for Florida Panthers.
Shots for this period are 2 for Dallas Stars vs 5 for Florida Panthers.

3rd period


0:01 of 3rd period - Aleksander Barkov wins face-off versus Mark Scheifele in neutral zone.
0:06 of 3rd period - Wrist shot by Keith Yandle.
0:06 of 3rd period - Shot Blocked by Ryan Ellis.
0:13 of 3rd period - Slapshot by John Klingberg.
0:13 of 3rd period - Shot Hit the Post.
0:15 of 3rd period - Slapshot by Viktor Arvidsson.
0:15 of 3rd period - Shot Misses the Net.
0:32 of 3rd period - Wrist shot by Loui Eriksson.
0:32 of 3rd period - Stopped by Roberto Luongo without a rebound.
0:33 of 3rd period - Jared McCann wins face-off versus Carl Soderberg in Florida Panthers zone.
1:11 of 3rd period - Brooks Orpik is hit by James Neal and loses puck.
1:26 of 3rd period - Snap shot by John Klingberg.
1:26 of 3rd period - Stopped by Roberto Luongo with a rebound.
1:46 of 3rd period - Snap shot by Tom Wilson.
1:46 of 3rd period - Stopped by Roberto Luongo without a rebound.
1:47 of 3rd period - Pierre-Edouard Bellemare wins face-off versus Mark Jankowski in Florida Panthers zone.
1:52 of 3rd period - Snap shot by Devin Shore.
1:52 of 3rd period - Stopped by Roberto Luongo with a rebound.
2:19 of 3rd period - Slapshot by Loui Eriksson.
2:19 of 3rd period - Stopped by Roberto Luongo with a rebound.
2:37 of 3rd period - Oscar Klefbom is hit by Vincent Trocheck and loses puck.
2:56 of 3rd period - Slapshot by Colton Parayko.
2:56 of 3rd period - Stopped by Roberto Luongo without a rebound.
2:57 of 3rd period - Aleksander Barkov wins face-off versus Mark Scheifele in Florida Panthers zone.
3:08 of 3rd period - Aleksander Barkov is hit by John Klingberg and loses puck.
3:19 of 3rd period - Aleksander Barkov is hit by Viktor Arvidsson and loses puck.
4:15 of 3rd period - Slapshot by Keith Yandle.
4:15 of 3rd period - Shot Blocked by Colton Parayko.
4:42 of 3rd period - Wrist shot by Kyle Connor.
4:42 of 3rd period - Stopped by Roberto Luongo without a rebound.
4:43 of 3rd period - Vincent Trocheck wins face-off versus Mark Scheifele in Florida Panthers zone.
5:08 of 3rd period - Trevor Daley is hit by Mike Matheson and loses puck.
5:15 of 3rd period - Slapshot by Aleksander Barkov.
5:15 of 3rd period - Stopped by Jake Allen without a rebound.
5:16 of 3rd period - Riley Sheahan wins face-off versus Melker Karlsson in Dallas Stars zone.
6:07 of 3rd period - Slapshot by Jay Bouwmeester.
6:07 of 3rd period - Deflect By Vincent Trocheck.
6:07 of 3rd period - Stopped by Jake Allen with a rebound.
6:09 of 3rd period - Wrist shot by Jimmy Vesey.
6:09 of 3rd period - Goal by Jimmy Vesey - Dallas Stars : 1 - Florida Panthers : 1.
6:10 of 3rd period - Aleksander Barkov wins face-off versus Mark Scheifele in neutral zone.
6:17 of 3rd period - Slapshot by Aleksander Barkov.
6:17 of 3rd period - Stopped by Jake Allen with a rebound.
6:19 of 3rd period - Slapshot by Aleksander Barkov.
6:19 of 3rd period - Shot Hit the Post.
6:21 of 3rd period - Snap shot by Aleksander Barkov.
6:21 of 3rd period - Shot Misses the Net.
6:23 of 3rd period - Wrist shot by Aleksander Barkov.
6:23 of 3rd period - Stopped by Jake Allen with a rebound.
6:25 of 3rd period - Slapshot by Jonathan Huberdeau.
6:25 of 3rd period - Shot Blocked by Ryan Ellis.
6:56 of 3rd period - Slapshot by Riley Sheahan.
6:56 of 3rd period - Shot Blocked by Jay Bouwmeester.
7:16 of 3rd period - Wrist shot by Melker Karlsson.
7:16 of 3rd period - Stopped by Jake Allen without a rebound.
7:17 of 3rd period - Mark Jankowski wins face-off versus Pierre-Edouard Bellemare in Dallas Stars zone.
7:20 of 3rd period - Snap shot by Andrew Cogliano.
7:20 of 3rd period - Deflect By Mark Jankowski.
7:20 of 3rd period - Stopped by Jake Allen without a rebound.
7:21 of 3rd period - Mark Jankowski wins face-off versus Mark Scheifele in Dallas Stars zone.
7:22 of 3rd period - Wrist shot by Andrew Cogliano.
7:22 of 3rd period - Shot Misses the Net.
7:24 of 3rd period - Double Minor Penalty to Viktor Arvidsson for Slashing.
7:25 of 3rd period - Pierre-Edouard Bellemare wins face-off versus Vincent Trocheck in Dallas Stars zone.
7:25 of 3rd period - Pierre-Edouard Bellemare is hit by Jared McCann.
7:37 of 3rd period - Snap shot by Vincent Trocheck.
7:37 of 3rd period - Deflect By Jimmy Vesey.
7:37 of 3rd period - Stopped by Jake Allen with a rebound.
7:39 of 3rd period - Snap shot by Vincent Trocheck.
7:39 of 3rd period - Shot Blocked by Pierre-Edouard Bellemare.
7:41 of 3rd period - Slapshot by Keith Yandle.
7:41 of 3rd period - Stopped by Jake Allen with a rebound.
7:55 of 3rd period - Snap shot by Jonathan Huberdeau.
7:55 of 3rd period - Goal by Jonathan Huberdeau - Dallas Stars : 1 - Florida Panthers : 2.
7:56 of 3rd period - Mark Jankowski wins face-off versus Pierre-Edouard Bellemare in neutral zone.
8:01 of 3rd period - Wrist shot by Jonathan Huberdeau.
8:01 of 3rd period - Shot Blocked by Ryan Ellis.
8:03 of 3rd period - Snap shot by Aleksander Barkov.
8:03 of 3rd period - Goal by Aleksander Barkov - Dallas Stars : 1 - Florida Panthers : 3.
8:04 of 3rd period - Mark Scheifele wins face-off versus Aleksander Barkov in neutral zone.
8:11 of 3rd period - Snap shot by Viktor Arvidsson.
8:11 of 3rd period - Shot Misses the Net.
8:37 of 3rd period - Minor Penalty to Riley Sheahan for High sticking.
8:38 of 3rd period - Vincent Trocheck wins face-off versus Pierre-Edouard Bellemare in Dallas Stars zone.
10:30 of 3rd period - Wrist shot by Vincent Trocheck.
10:30 of 3rd period - Goal by Vincent Trocheck - Dallas Stars : 1 - Florida Panthers : 4.
10:31 of 3rd period - Mark Scheifele wins face-off versus Jared McCann in neutral zone.
10:38 of 3rd period - Slapshot by Mark Scheifele.
10:38 of 3rd period - Shot Blocked by Melker Karlsson.
10:40 of 3rd period - Slapshot by Ryan Ellis.
10:40 of 3rd period - Deflect By Brooks Orpik.
10:40 of 3rd period - Stopped by Roberto Luongo without a rebound.
10:41 of 3rd period - Mark Scheifele wins face-off versus Jared McCann in Florida Panthers zone.
10:44 of 3rd period - Snap shot by Mark Scheifele.
10:44 of 3rd period - Goal by Mark Scheifele - Dallas Stars : 2 - Florida Panthers : 4.
10:45 of 3rd period - Carl Soderberg wins face-off versus Jonathan Huberdeau in neutral zone.
10:52 of 3rd period - Nick Bjugstad is hit by Carl Soderberg.
11:00 of 3rd period - Snap shot by Carl Soderberg.
11:00 of 3rd period - Shot Misses the Net.
11:10 of 3rd period - Jonathan Huberdeau is hit by Viktor Arvidsson and loses puck.
11:15 of 3rd period - Slapshot by Viktor Arvidsson.
11:15 of 3rd period - Stopped by Roberto Luongo without a rebound.
11:16 of 3rd period - Mark Scheifele wins face-off versus Brock Boeser in Florida Panthers zone.
11:17 of 3rd period - Wrist shot by Viktor Arvidsson.
11:17 of 3rd period - Shot Misses the Net.
11:19 of 3rd period - Snap shot by Mark Scheifele.
11:19 of 3rd period - Shot Blocked by Jay Bouwmeester.
11:21 of 3rd period - Backhand shot by Viktor Arvidsson.
11:21 of 3rd period - Stopped by Roberto Luongo without a rebound.
11:22 of 3rd period - Riley Sheahan wins face-off versus Vincent Trocheck in Florida Panthers zone.
11:23 of 3rd period - Wrist shot by Loui Eriksson.
11:23 of 3rd period - Shot Blocked by Jimmy Vesey.
11:25 of 3rd period - Slapshot by Trevor Daley.
11:25 of 3rd period - Stopped by Roberto Luongo without a rebound.
11:26 of 3rd period - Vincent Trocheck wins face-off versus Loui Eriksson in Florida Panthers zone.
11:26 of 3rd period - Jay Bouwmeester is hit by Ryan Ellis and loses puck.
11:35 of 3rd period - Snap shot by Riley Sheahan.
11:35 of 3rd period - Stopped by Roberto Luongo with a rebound.
11:37 of 3rd period - Wrist shot by Loui Eriksson.
11:37 of 3rd period - Goal by Loui Eriksson - Dallas Stars : 3 - Florida Panthers : 4.
11:38 of 3rd period - Aleksander Barkov wins face-off versus Carl Soderberg in neutral zone.
11:49 of 3rd period - Wrist shot by Aleksander Barkov.
11:49 of 3rd period - Stopped by Jake Allen without a rebound.
11:50 of 3rd period - Aleksander Barkov wins face-off versus Mark Scheifele in Dallas Stars zone.
11:59 of 3rd period - Wrist shot by Aleksander Barkov.
11:59 of 3rd period - Deflect By Jonathan Huberdeau.
11:59 of 3rd period - Shot Misses the Net.
11:59 of 3rd period - Puck is out of play.
12:00 of 3rd period - Mark Scheifele wins face-off versus Aleksander Barkov in Dallas Stars zone.
12:27 of 3rd period - Slapshot by James Neal.
12:27 of 3rd period - Shot Misses the Net.
12:29 of 3rd period - Snap shot by Mark Scheifele.
12:29 of 3rd period - Shot Blocked by Keith Yandle.
12:31 of 3rd period - Wrist shot by Mark Scheifele.
12:31 of 3rd period - Shot Misses the Net.
12:33 of 3rd period - Snap shot by Viktor Arvidsson.
12:33 of 3rd period - Shot Misses the Net.
12:35 of 3rd period - Wrist shot by James Neal.
12:35 of 3rd period - Stopped by Roberto Luongo with a rebound.
12:37 of 3rd period - Slapshot by James Neal.
12:37 of 3rd period - Shot Hit the Post.
13:15 of 3rd period - John Klingberg is hit by Aleksander Barkov and loses puck.
13:34 of 3rd period - Snap shot by Jonathan Huberdeau.
13:34 of 3rd period - Shot Misses the Net.
14:14 of 3rd period - Snap shot by Mark Scheifele.
14:14 of 3rd period - Deflect By Viktor Arvidsson.
14:14 of 3rd period - Stopped by Roberto Luongo with a rebound.
14:16 of 3rd period - Slapshot by James Neal.
14:16 of 3rd period - Shot Misses the Net.
14:18 of 3rd period - Snap shot by Ryan Ellis.
14:18 of 3rd period - Deflect By Aleksander Barkov.
14:18 of 3rd period - Stopped by Roberto Luongo without a rebound.
14:19 of 3rd period - Loui Eriksson wins face-off versus Vincent Trocheck in Florida Panthers zone.
14:50 of 3rd period - Off-side.
14:51 of 3rd period - Pierre-Edouard Bellemare wins face-off versus Jared McCann in neutral zone.
15:01 of 3rd period - Snap shot by Tom Wilson.
15:01 of 3rd period - Shot Misses the Net.
15:03 of 3rd period - Backhand shot by Pierre-Edouard Bellemare.
15:03 of 3rd period - Stopped by Roberto Luongo with a rebound.
15:05 of 3rd period - Slapshot by Trevor Daley.
15:05 of 3rd period - Shot Misses the Net.
15:07 of 3rd period - Slapshot by Devin Shore.
15:07 of 3rd period - Stopped by Roberto Luongo without a rebound.
15:08 of 3rd period - Brett Ritchie wins face-off versus Carl Soderberg in Florida Panthers zone.
15:08 of 3rd period - Brett Ritchie is hit by Nino Niederreiter.
15:20 of 3rd period - Slapshot by Matthew Tkachuk.
15:20 of 3rd period - Stopped by Roberto Luongo without a rebound.
15:21 of 3rd period - Jared McCann wins face-off versus Carl Soderberg in Florida Panthers zone.
15:46 of 3rd period - Jared McCann is hit by Kyle Connor and loses puck.
16:15 of 3rd period - Jared McCann is hit by Tom Wilson and loses puck.
16:29 of 3rd period - Minor Penalty to Stephen Johns for Hooking.
16:30 of 3rd period - Pierre-Edouard Bellemare wins face-off versus Mark Jankowski in Dallas Stars zone.
16:55 of 3rd period - Ryan Ellis is hit by Jimmy Vesey and loses puck.
18:29 of 3rd period - Penalty to Stephen Johns is over, Stephen Johns is back on ice.
19:13 of 3rd period - Dallas Stars, Jake Allen is pulled from the net.
19:18 of 3rd period - Off-side.
19:19 of 3rd period - Dave Tippett call a timeout for Dallas Stars.
19:19 of 3rd period - Aleksander Barkov wins face-off versus Mark Scheifele in neutral zone.
Goals for this period are 2 for Dallas Stars vs 4 for Florida Panthers.
Shots for this period are 20 for Dallas Stars vs 13 for Florida Panthers.